 Dungeon Crawl Stone Soup version 0.17-a0-1174-ge06b3cc (webtiles) character file.

63 zuul91 the Skirmisher (level 3, -1/29 HPs)
             Began as a Demonspawn Abyssal Knight on May 29, 2015.
             Was a Believer of Lugonu.
             Succumbed to poison (a potion of poison)
             ... on level 3 of the Dungeon.
             The game lasted 00:21:01 (2023 turns).

zuul91 the Skirmisher (Demonspawn Abyssal Knight)   Turns: 2023, Time: 00:21:01

Health: -1/29      AC:  5    Str: 18    XL:     3   Next: 87%
Magic:  4/5        EV: 11    Int: 13    God:    Lugonu [**....]
Gold:   146        SH:  0    Dex: 12    Spells: 0 memorised, 2 levels left

rFire  . . .     SeeInvis .     a - +2 falchion
rCold  . . .     Clarity  .     b - +0 leather armour
rNeg   . . .     SustAt   .     (no shield)
rPois  .         Gourm    .     (no helmet)
rElec  .         Spirit   .     (no cloak)
rCorr  .         Warding  .     (no gloves)
rMut   .         Stasis   .     (no boots)
MR     .....                    (no amulet)
Stlth  +.........               (no ring)
                                k - +5 ring of slaying

@: mighty, lethally poisoned (-1 -> -17), not resistant to hostile enchantments,
very unstealthy
A: thin metallic scales 1
a: Depart the Abyss, Bend Space, Renounce Religion


You were on level 3 of the Dungeon.
You worshipped Lugonu.
Lugonu was pleased with you.
You were full.

You visited 1 branch of the dungeon, and saw 3 of its levels.
You visited the Abyss 1 time.

You collected 146 gold pieces.

Inventory:

Hand weapons
 a - a +2 falchion (weapon)
 g - a +0 whip
 r - a +3 dagger
 x - a +0 hunting sling
 y - a +0 mace
Missiles
 f - 22 sling bullets
 h - 22 poisoned needles
 m - 50 stones (quivered)
 n - 12 arrows
Armour
 b - a +0 leather armour (worn)
Jewellery
 k - a +5 ring of slaying (left hand)
Magical devices
 u - a wand of flame (38)
Scrolls
 e - a scroll of recharging
Potions
 v - 2 potions of poison
Comestibles
 c - 2 bread rations
 i - 2 meat rations
 o - a beef jerky
 p - 5 fruits


   Skills:
 + Level 3.5 Fighting
 + Level 2.1 Long Blades
 + Level 0.8 Throwing
 + Level 2.1 Armour
 + Level 1.5 Dodging
 + Level 3.0 Invocations
 + Level 0.2 Evocations


You had 2 spell levels left.
You didn't know any spells.

Dungeon Overview and Level Annotations

Branches:
Dungeon (3/15)

Altars:


Innate Abilities, Weirdness & Mutations

You are partially covered in thin metallic scales (AC +2).


Message History

You are too injured to fight recklessly!
It was a potion of might.
You feel very mighty all of a sudden.
The orc priest utters an invocation to Beogh.
You feel troubled.
It was a potion of heal wounds.
You feel much better. The orc priest completely misses you.
The orc hits you with a falchion of holy wrath.
You convulse.
You hit the orc priest.
The orc priest is heavily wounded.
The orc priest barely misses you.
The orc hits you with a falchion of holy wrath!
You convulse!
* * * LOW HITPOINT WARNING * * *
It was a potion of poison.
That liquid tasted very nasty...
You are lethally poisoned!
Your surroundings suddenly seem different.
You die...

,,****,,,,****,********* ,,*
*,,,,,,,*,* ******* ,,*
*,,,,,#,*,****#,,,,,* ,,*
*,,,<,#.*,,,,.#,***,* ***
*,,,,*#.#####.#,*,*,*
*,,,,**.....#.,,,,*,***
*,,,,***#....######,,,*
*,,,,* #..........,*,*
******,,,,***#..@.#*****,*,*
,,,,,,,,,,,,*#........#*,,,*
,,,,,,,*,,,,*#........#*****
,,,,,,,*,,,,*####.....#
,,,,,,,*,,,,* *.....#
,,,,,,,*,,,,* *.....#
,,,,,,,*,,,,* *.....#
,,,,,,,*,,,,* *######
,,,,,,,*,,,,*


There were no monsters in sight!

Vanquished Creatures
  4 adders
  A worm (D:2)
  A giant gecko (D:3)
  An orc (D:3)
  3 bats (D:2)
  4 giant cockroaches
  4 goblins
  A hobgoblin (D:1)
  A kobold (D:3)
  2 giant newts (D:1)
  4 rats (D:2)
26 creatures vanquished.

Notes
Turn   | Place    | Note
--------------------------------------------------------------
     0 | Abyss:1  | zuul91 the Demonspawn Abyssal Knight began the quest for the Orb.
     0 | Abyss:1  | Reached XP level 1. HP: 18/18 MP: 2/2
    23 | D:1      | Escaped the Abyss
   715 | D:2      | Reached skill level 1 in Dodging
   715 | D:2      | Gained mutation: You are partially covered in thin metallic scales (AC +2). [demonic ancestry]
   715 | D:2      | Reached XP level 2. HP: 8/24 MP: 4/4
  1155 | D:2      | Reached XP level 3. HP: 14/29 MP: 5/5
  1731 | D:2      | Acquired Lugonu's second power
  2022 | D:3      | HP: 1/29 [orc/falchion of holy wrath (10)]
  2023 | D:3      | Succumbed to poison (a potion of poison)

Vault maps used:
D:1:      dpeg_arrival_round_c
D:3:      kennysheep_big_flooded_room

Action                   || total
-------------------------++-------
Melee: Falchion          ||    59
 Fire: Hunting sling     ||     7
Throw: Stone             ||    34
Invok: Bend Space        ||     1
Evoke: Wand              ||     5
  Use: Scroll            ||     6
       Potion            ||     5
  Eat: Bread ration      ||     2
